 Dungeon Crawl Stone Soup version 0.21-a0-460-g737a915 (webtiles) character file.

733 4thArraOfDagon the Insei (level 7, -2/54 HPs)
             Began as a Demonspawn Hunter on Nov 20, 2017.
             Was a Believer of Qazlal.
             Killed from afar by an orc wizard (21 damage)
             ... with a wand of lightning (12)
             ... on level 5 of the Dungeon.
             The game lasted 00:10:27 (2518 turns).

4thArraOfDagon the Insei (Demonspawn Hunter)        Turns: 2518, Time: 00:10:28

Health: -2/54      AC:  8    Str: 12    XL:     7   Next: 45%
Magic:  10/10      EV: 11    Int: 14    God:    Qazlal [**....]
Gold:   156        SH:  2    Dex: 14    Spells: 6/6 levels left

rFire    . . .     SeeInvis .     - Unarmed
rCold    . . .     Gourm    .   (no shield)
rNeg     . . .     Faith    .   o - +0 ring mail (curse)
rPois    .         Spirit   .   (helmet restricted)
rElec    .         Reflect  .   (no cloak)
rCorr    .         Harm     .   p - +0 pair of gloves
MR       .....                  (no boots)
Stlth    ++........             (no amulet)
HPRegen  0.18/turn              (no ring)
MPRegen  0.12/turn              (no ring)

@: no status effects
A: horns 2, slimy green scales 1, demonic guardian 1, nightstalker 1
a: Upheaval, Renounce Religion


You were on level 5 of the Dungeon.
You worshipped Qazlal.
Qazlal was pleased with you.
You were not hungry.

You visited 1 branch of the dungeon, and saw 5 of its levels.

You collected 156 gold pieces.

Inventory:

Hand Weapons
 n - a +2 whip of electrocution
Armour
 b - a +0 leather armour
 o - a cursed +0 ring mail (worn)
 p - a +0 pair of gloves (worn)
 r - a cursed +0 shield
Jewellery
 t - an uncursed ring of fire
Scrolls
 a - a scroll of magic mapping {unknown}
 e - a scroll of remove curse {unknown}
 j - 5 scrolls of teleportation
 s - a scroll of blinking {unknown}
 u - a scroll of enchant armour {unknown}
 w - 2 scrolls of fear {unknown}
 x - a scroll of immolation {unknown}
Potions
 g - a potion of brilliance
 i - 2 potions of flight
 k - a potion of heal wounds
 l - a potion of curing
 m - a potion of haste
Comestibles
 d - 9 chunks of flesh
 f - 3 bread rations
 h - 2 meat rations
 q - a royal jelly


   Skills:
 - Level 4.0 Fighting
 - Level 4.2 Throwing
 - Level 1.7 Dodging
 - Level 0.8 Stealth
 * Level 5.2 Unarmed Combat
 + Level 4.7 Invocations


You had 6 spell levels left.
You didn't know any spells.

Dungeon Overview and Level Annotations

Branches:
Dungeon (5/15)
 Temple: D:4-7

Altars:
Fedhas
Okawaru
Qazlal
Xom
The Shining One


Innate Abilities, Weirdness & Mutations

You have a pair of horns on your head.
You are partially covered in slimy green scales. (AC +2)
A weak demonic guardian rushes to your aid.
You are slightly more attuned to the shadows.


Message History

The javelin closely misses the orc wizard.
The orc wizard zaps a wand.
The bolt of lightning hits you!
It is a wand of lightning (12).
Unknown command.
Throwing (i - inventory):
c - a javelin (quivered)
Press: ? - help, Shift-Dir - straight line, f/p - orc wizard
Aim: an orc wizard, wielding a dagger of venom, wearing a robe and carrying a wand of lightning (12) (almost dead)
You throw a javelin.
The javelin hits the orc wizard but does no damage.
The orc wizard is almost dead.
An orc comes into view.
Unknown command.
You hit the orc wizard but do no damage.
The orc wizard is almost dead.
Unknown command.
Unknown command.
You hit the orc wizard but do no damage.
The orc wizard is almost dead.
The orc wizard zaps a wand.
The bolt of lightning hits you!
You die...

#...# #.....#.......#
#.### #######.$.....#
#.#### #.....o.####
#....##### #....o...o.#
####.....#####+#(##.....
#..##.##.......# ....
#..##(#####...## ...
##..##(#...(.#.#### #.
......@#.###.#....#
.#..##)oo# #.####.#
#.#..##.### ### #.###..
# #... #...... #.###
#5##.## #. #...... ..
'(...## ..# (#......
......#>#


You could see an orc wizard and an orc.

Vanquished Creatures
  Grinder (D:3)
  A phantom (D:4)
  An ogre (D:5)
  A howler monkey (D:4)
  A bullfrog zombie (D:4)
  A hound (D:4)
  An orc wizard (D:4)
  Ijyb (D:5)
  A hound skeleton (D:4)
  5 gnolls
  5 adders
  A shadow imp (D:5)
  An ooze (D:2)
  A worm (D:2)
  3 dart slugs
  2 leopard geckos
  4 orcs
  A ball python (D:2)
  7 bats
  4 giant cockroaches
  6 goblins
  10 hobgoblins
  5 jackals
  3 kobolds
  3 frilled lizards
  A quokka skeleton (D:4)
  4 rats
75 creatures vanquished.

Vanquished Creatures (collateral kills)
  An orc priest (D:4)
  An orc wizard (D:4)
  6 gnolls
  A hobgoblin (D:2)
  5 jackals
14 creatures vanquished.

Vanquished Creatures (others)
  5 toadstools (D:1)
5 creatures vanquished.

Grand Total: 94 creatures vanquished

Notes
Turn   | Place    | Note
-------+----------+-------------------------------------------
     0 | D:1      | 4thArraOfDagon the Demonspawn Hunter began the quest for the Orb.
     0 | D:1      | Reached XP level 1. HP: 16/16 MP: 1/1
    33 | D:2      | Gained mutation: A weak demonic guardian rushes to your aid. [demonic ancestry]
    33 | D:2      | Reached XP level 2. HP: 16/22 MP: 2/2
    54 | D:2      | Found a stormy altar of Qazlal.
    60 | D:2      | Became a worshipper of Qazlal Stormbringer
   101 | D:2      | Found a faded altar of an unknown god.
   129 | D:2      | Reached skill level 1 in Unarmed Combat
   129 | D:2      | Gained mutation: You have a pair of small horns on your head. [demonic ancestry]
   129 | D:2      | Reached XP level 3. HP: 9/27 MP: 3/3
   990 | D:1      | Reached * piety under Qazlal
   990 | D:1      | Reached skill level 2 in Unarmed Combat
  1081 | D:1      | Gained mutation: You are slightly more attuned to the shadows. [demonic ancestry]
  1081 | D:1      | Reached XP level 4. HP: 34/34 MP: 4/4
  1267 | D:2      | Reached skill level 1 in Invocations
  1666 | D:3      | Noticed Grinder
  1681 | D:3      | Killed Grinder
  1681 | D:3      | Reached skill level 3 in Unarmed Combat
  1681 | D:3      | Reached XP level 5. HP: 27/41 MP: 5/7
  1681 | D:3      | Gained mutation: You are partially covered in slimy green scales. (AC +2) [demonic ancestry]
  1681 | D:3      | Reached XP level 6. HP: 31/47 MP: 5/8
  1734 | D:3      | Found a glowing golden altar of the Shining One.
  1757 | D:3      | Reached ** piety under Qazlal
  1775 | D:3      | Found a shimmering altar of Xom.
  1777 | D:3      | Found a blossoming altar of Fedhas.
  1978 | D:4      | Reached skill level 4 in Unarmed Combat
  2020 | D:4      | Found an iron altar of Okawaru.
  2174 | D:4      | Gained mutation: You have a pair of horns on your head. [demonic ancestry]
  2174 | D:4      | Reached XP level 7. HP: 7/54 MP: 9/9
  2235 | D:4      | Found a stormy altar of Qazlal.
  2385 | D:5      | Entered Level 5 of the Dungeon
  2394 | D:5      | Noticed Ijyb
  2401 | D:5      | Killed Ijyb
  2462 | D:5      | Reached skill level 5 in Unarmed Combat
  2518 | D:5      | Killed from afar by an orc wizard

Vault maps used:
D:1:      ldierk_walled_garden
D:2:      nicolae_overflow_crystal_walls, chequers_ecumenical_altar_simple,
          minmay_tetromino_s4
D:3:      nicolae_tso_carved_into_rock, fedhas_altar_3, old_standard_altar,
          first_bread, uniq_grinder
D:4:      lemuel_crystal_altar, serial_glass, glass_columns_c, glass_columns_b,
          grunt_qazlal_sundering
D:5:      lemuel_insect_pit, lightli_temple_of_fire, kennysheep_little_box,
          yredelemnul_forgotten_temple_becter, uniq_ijyb, uniq_prince_ribbit1,
          uniq_edmund

Skill      XL: |  1  2  3  4  5  6  7 |
---------------+----------------------+-----
Throwing       | 4 |  4.2
Unarmed Combat | 1 2 3 4 5 |  5.2
Invocations    | 2 3 4 |  4.7
Fighting       | 3 4 |  4.0
Dodging        | |  1.7
Stealth        | |  0.8

Action                   |  1- 3 |  4- 6 |  7- 9 || total
-------------------------+-------+-------+-------++-------
Melee: Short sword       |    31 |       |       ||    31
       Unarmed           |    39 |   152 |    25 ||   216
       Headbutt          |    11 |    25 |    10 ||    46
       Punch             |       |     2 |       ||     2
       Whip              |       |    15 |       ||    15
Throw: Javelin           |    13 |    10 |     5 ||    28
       Throwing net      |     3 |     1 |       ||     4
Invok: Upheaval          |       |     1 |     2 ||     3
  Use: Potion            |     1 |     5 |     1 ||     7
       Scroll            |       |     5 |       ||     5
 Stab: Distracted        |     1 |       |       ||     1
  Eat: Chunk             |     1 |     3 |     1 ||     5
Armor: Leather armour    |    18 |    35 |     1 ||    54
       Ring mail         |       |       |     3 ||     3
Dodge: Dodged            |    37 |    94 |    12 ||   143
Block: Other             |       |     5 |     1 ||     6

Table legend:
 A = Spawn XP
 B = Non-spawn XP
 C = Spawn XP percentage of total XP
 D = Spawn monster count
 E = Non-spawn monster count
 F = Spawn count percentage of total count
 G = Total turns spent on level
                    A         B        C        D         E        F      G
               +---------+---------+-------+---------+---------+-------+---------
         Total |       0 |    1048 |   0.0 |       0 |      89 |   0.0 |  2518
               +---------+---------+-------+---------+---------+-------+---------
           D:1 |       0 |      32 |   0.0 |       0 |      18 |   0.0 |   854
           D:2 |       0 |     130 |   0.0 |       0 |      26 |   0.0 |   646
           D:3 |       0 |     292 |   0.0 |       0 |      16 |   0.0 |   376
           D:4 |       0 |     433 |   0.0 |       0 |      24 |   0.0 |   509
           D:5 |       0 |     161 |   0.0 |       0 |       5 |   0.0 |   133
               +---------+---------+-------+---------+---------+-------+---------
